 Dungeon Crawl Stone Soup version 0.30.1-4-g462c640d31 (webtiles) character file.

Game seed: 4717114274129335483

46 safid the Chiller (level 3, -3/27 HPs)
             Began as a Merfolk Ice Elementalist on Sept 15, 2023.
             Killed from afar by Grinder (10 damage)
             ... with a puff of flame
             ... on level 3 of the Dungeon.
             The game lasted 00:02:29 (1779 turns).

safid the Chiller (Merfolk Ice Elementalist)        Turns: 1779, Time: 00:02:30

Health: -3/27      AC:  1    Str:  7 (8)  XL:     3   Next: 66%
Magic:  2/7        EV: 12    Int: 15 (16) God:
Gold:   115        SH:  0    Dex: 12 (14) Spells: 3/7 levels left

rFire   . . .        c - +0 dagger
rCold   . . .        (no shield)
rNeg    . . .        a - +0 robe
rPois   .            (no helmet)
rElec   .            (no cloak)
rCorr   .            (no gloves)
SInv    .            (no boots)
Will    .....        (no amulet)
Stlth   ++           (no ring)
HPRegen 0.24/turn    (no ring)
MPRegen 0.10/turn

%: no passive effects
@: no status effects
A: (nimble swimmer 2), mertail, deformed body, high MP 1
a: no special abilities


You were on level 3 of the Dungeon.
You visited 1 branch of the dungeon, and saw 3 of its levels.

You collected 115 gold pieces.

Inventory:

Hand Weapons
 c - a +0 dagger (weapon)
Armour
 a - a +0 robe (worn)
Scrolls
 d - a scroll of enchant weapon {unknown}
 e - 3 scrolls of teleportation {unknown}
 f - a scroll of vulnerability {unknown}
 g - 2 scrolls of fear {unknown}
Potions
 b - a potion of magic
 h - 2 potions of curing


   Skills:
 + Level 1.8 Fighting
 - Level 2.6 Dodging
 - Level 2.1 Stealth
 + Level 2.6 Spellcasting
 + Level 4.9 Ice Magic


You had 3 spell levels left.
You knew the following spells:

 Your Spells              Type           Power      Damage    Failure   Level
a - Freeze                Ice            64%        1d7       2%          1
b - Frozen Ramparts       Ice            32%        1d5       9%          3

Your spell library contained the following spells:

 Spells                   Type           Power      Damage    Failure   Level
 Ozocubu's Armour         Ice            16%        N/A       9%          3
 Blink                    Tloc           2%         N/A       32%         2
 Lesser Beckoning         Tloc           2%         N/A       32%         2
 Momentum Strike          Conj/Tloc      2%         3d8       32%         2
 Summon Ice Beast         Ice/Summ       9%         N/A       58%         4


Dungeon Overview and Level Annotations

Branches:
Dungeon (3/15)

Altars:

Shops:
D:1 (*[=

Annotations:
D:3 Grinder


Innate Abilities, Weirdness & Mutations

((You are very nimble when in or above water. (Stealth+, EV+, Speed+++)))
Your lower body shifts to a powerful aquatic tail in water.
Armour fits poorly on your strangely shaped body.
You have an increased reservoir of magic. (+10% MP)


Message History

The wall freezes Grinder but does no damage.
Grinder zaps a wand.
The puff of flame misses you.
You hit Grinder but do no damage.
Grinder is lightly wounded.
Grinder resists.
The wall freezes Grinder.
Grinder completely misses you.
You hit Grinder.
Grinder is lightly wounded.
The wall freezes Grinder but does no damage.
Grinder gestures at you.
You suddenly lose the ability to move!
The frozen ramparts melt away.
Grinder hits you.
You writhe in agony.
* * * LOW HITPOINT WARNING * * *
Grinder blinks!
You can move again.
Unknown command.
Unknown command.
Unknown command.
Unknown command.
Unknown command.
Unknown command.
Unknown command.
Unknown command.
Unknown command.
Unknown command.
Unknown command.
Unknown command.
Unknown command.
Unknown command.
Unknown command.
Unknown command.
Unknown command.
Unknown command.
Unknown command.
You start resting.
Grinder is nearby!
Casting: Frozen Ramparts (quite dangerous; 9% risk of failure)
Confirm with . or Enter, or press ? or * to list all spells.
You don't have enough magic to cast this spell.
Grinder zaps a wand.
The puff of flame hits you!
You die...

###....##.#
...$...#.#
..?...#.####.#
.........##.#
...##.#.##.# #..
5.##.#.##.##.......
#.##.#.##.#........
#.#5##.#.##.#.......)
#......@..#)#.#......
########..†.#.#......
##......>....#
#.....(......#
##.....#.##### ##.
##...##†# ...
####..###.# ###
#....## #.# # #.###
#.#


You could see Grinder.

Vanquished Creatures
  A dart slug (D:1)
  An orc (D:3)
  2 endoplasms (D:1)
  4 giant cockroaches
  5 hobgoblins
  2 jackals (D:1)
  3 quokkas (D:1)
  A ball python (D:1)
  8 bats
  2 frilled lizards (D:1)
  4 goblins
  3 kobolds
  3 rats
39 creatures vanquished.

Notes
Turn   | Place    | Note
-------+----------+-------------------------------------------
     0 | D:1      | safid the Merfolk Ice Elementalist began the quest for the
                  | Orb.
     0 | D:1      | Reached XP level 1. HP: 13/13 MP: 3/3
   113 | D:1      | Reached XP level 2. HP: 19/20 MP: 5/5
   138 | D:1      | Found Zamulid's Jewellery Emporium.
   187 | D:1      | Reached skill level 1 in Fighting
   377 | D:1      | Found a faded altar of an unknown god.
   458 | D:1      | Found Qaeruv's Antique Armour Emporium.
   548 | D:1      | Reached XP level 3. HP: 17/26 MP: 6/6
   552 | D:1      | Learned a level 3 spell: Frozen Ramparts
   668 | D:1      | Found Nuniguoh's Assorted Antiques.
   703 | D:1      | Found Bueklih's Antique Weapon Shoppe.
  1753 | D:3      | Noticed Grinder
  1755 | D:3      | Paralysed by Grinder for 5 turns
  1767 | D:3      | Gained mutation: You have an increased reservoir of magic.
                  | (+10% MP) [potion of mutation]
  1767 | D:3      | Gained mutation: Armour fits poorly on your strangely
                  | shaped body. [potion of mutation]
  1770 | D:3      | Paralysed by Grinder for 5 turns
  1779 | D:3      | Killed from afar by Grinder

Illustrated notes

Levels and vault maps discovered:
D:1:      wander_arrival_lonely_grave, layout_rooms,
          shapermc_ecumenical_altar_mp_vishouse, serial_shops, shop,
          nicolae_shop_crystal, shop, nicolae_shop_hallway_stairs
D:2:      layout_loops_cross, serial_forest, infiniplex_forest_end_1,
          infiniplex_forest_zigzag_2, infiniplex_forest_lined_2,
          infiniplex_forest_lined_corner, infiniplex_forest_3_way
D:3:      layout_loops_ring, dk_xom_monty_hall, item_on_display_a, uniq_grinder,
          uniq_robin, uniq_ijyb

Skill      XL: |  1  2 |
---------------+-------+-----
Fighting       | 1 |  1.8
Dodging        | |  2.6
Stealth        | |  2.1
Spellcasting   | |  2.6
Ice Magic      | |  4.9

Action                     || total
---------------------------++-------
  Melee: Dagger            ||   172
         Punch             ||     4
   Cast: Freeze            ||    15
         Frozen Ramparts   ||     2
    Use: Potion            ||     3
   Stab: Sleeping          ||     6
 Armour: Robe              ||    58
  Dodge: Dodged            ||   145
